 Dungeon Crawl Stone Soup version 0.21-a0-504-g2eda33064f (webtiles) character file.

270 Kaname the Conjurer (level 6, 6/61 HPs)
             Began as a Demonspawn Wizard on Nov 26, 2017.
             Quit the game on level 3 of the Dungeon.
             The game lasted 00:05:33 (2682 turns).

Kaname the Conjurer (Demonspawn Wizard)             Turns: 2682, Time: 00:05:34

Health: 6/61       AC: 23    Str:  7    XL:     6   Next: 1%
Magic:  1/10       EV:  2    Int: 21    God:
Gold:   129        SH:  0    Dex: 12    Spells: 2/11 levels left

rFire    . . .     SeeInvis .   p - +0 short sword (vamp)
rCold    . . .     Gourm    .   (no shield)
rNeg     + + +     Faith    .   (armour currently unavailable)
rPois    +         Spirit   .   (helmet currently unavailable)
rElec    .         Reflect  .   (cloak currently unavailable)
rCorr    .         Harm     .   (gloves currently unavailable)
MR       .....     NoTele   +   (boots currently unavailable)
Stlth    ++........             (no amulet)
HPRegen  0.20/turn              (no ring)
MPRegen  0.12/turn              (no ring)

@: tree-form
A: powered by pain 1
a: no special abilities


You were on level 3 of the Dungeon.
You were not hungry.
You were a tree.
You visited 1 branch of the dungeon, and saw 3 of its levels.

You collected 129 gold pieces.

Inventory:

Hand Weapons
 p - a +0 vampiric short sword (weapon)
Missiles
 o - 8 javelins (quivered)
Armour
 a - a +0 robe (melded)
 b - a +0 hat (melded)
Scrolls
 f - 2 scrolls of identify
 j - 2 scrolls of teleportation {unknown}
Potions
 c - a potion of heal wounds {unknown}
 k - a potion of lignification
 l - a potion of degeneration {unknown}
 m - 2 potions of curing {unknown}
 n - a potion of resistance {unknown}
Comestibles
 d - 2 meat rations
 g - a bread ration
 h - 2 royal jellies
 i - a fruit
 q - a chunk of flesh


   Skills:
 - Level 1.7 Dodging
 - Level 1.7 Stealth
 - Level 3.0 Spellcasting
 + Level 5.6 Conjurations
   Level 1.0 Summonings
 - Level 1.0 Translocations
 - Level 1.1 Air Magic
 - Level 1.0 Poison Magic


You had 2 spell levels left.
You knew the following spells:

 Your Spells              Type           Power        Failure   Level  Hunger
a - Magic Dart            Conj           ####         1%          1    None
b - Blink                 Tloc           N/A          13%         2    ##.....
c - Mephitic Cloud        Conj/Pois/Air  ##......     14%         3    ###....
d - Conjure Flame         Conj/Fire      ###.....     12%         3    ###....


Dungeon Overview and Level Annotations

Branches:
Dungeon (3/15)

Altars:
Dithmenos

Annotations:
D:2 Terence


Innate Abilities, Weirdness & Mutations

((You have a pair of antennae on your head.))
((You are partially covered in icy blue scales. (AC +2)))
You sometimes gain a little power by taking damage.


Message History

Aim: Grinder (almost dead, unusually agile)
The magic dart hits Grinder.
Grinder is almost dead.
Grinder blinks!
Unknown command.
Casting: Magic Dart
Confirm with . or Enter, or press ? or * to list all spells.
Aiming: Magic Dart
Press: ? - help, Shift-Dir - straight line, f/p - Grinder
Aim: Grinder (almost dead, unusually agile)
The magic dart hits Grinder.
You kill Grinder!
Your Conjurations skill gained 2 levels and is now at level 5!
You have reached level 5!
You have reached level 6!
Your experience leads to an increase in your attributes!
Increase (S)trength, (I)ntelligence, or (D)exterity?
You feel clever.
Your demonic ancestry asserts itself...
Icy blue scales grow over part of your body.
Are you sure you want to abandon this character and quit the game? (Confirm with "yes".)

##.#.##..#.#.....#
##.#.......#.....#
......#..#.......#
##.......#.#.....#
##........#......#
#.##....###..####
#.##.....#.###########.
#.....).#.## #........
#..#.##.### #♣#
#.........# #.#
##.#......# #.#
#.####)..# #.#
#.......######.#
###...###........#
......# ##########
###÷..## #.<...#


There were no monsters in sight!

Vanquished Creatures
  Grinder (D:3)
  2 adders (D:2)
  2 worms
  2 dart slugs (D:1)
  2 giant cockroaches
  9 goblins
  6 hobgoblins
  10 kobolds
  2 quokkas (D:3)
  A ball python (D:3)
  6 bats
  2 frilled lizards (D:2)
  8 rats
53 creatures vanquished.

Notes
Turn   | Place    | Note
-------+----------+-------------------------------------------
     0 | D:1      | Kaname the Demonspawn Wizard began the quest for the Orb.
     0 | D:1      | Reached XP level 1. HP: 13/13 MP: 4/4
   159 | D:1      | Reached skill level 2 in Conjurations
   209 | D:1      | Gained mutation: You sometimes gain a little power by taking damage. [demonic ancestry]
   209 | D:1      | Reached XP level 2. HP: 15/19 MP: 3/6
   412 | D:1      | Learned a level 2 spell: Blink
   954 | D:1      | Reached skill level 3 in Conjurations
   963 | D:1      | Gained mutation: You have a pair of small antennae on your head. [demonic ancestry]
   963 | D:1      | Reached XP level 3. HP: 9/24 MP: 0/7
   968 | D:1      | Learned a level 3 spell: Mephitic Cloud
  1027 | D:1      | Reached skill level 1 in Translocations
  1298 | D:2      | Noticed Terence
  1391 | D:2      | Reached skill level 1 in Air Magic
  1488 | D:2      | Reached skill level 1 in Poison Magic
  2342 | D:3      | Gained mutation: You have a pair of antennae on your head. [demonic ancestry]
  2342 | D:3      | Reached XP level 4. HP: 30/30 MP: 2/8
  2355 | D:3      | Learned a level 3 spell: Conjure Flame
  2500 | D:3      | Found a shadowy altar of Dithmenos.
  2655 | D:3      | Noticed Grinder
  2675 | D:3      | Paralysed by Grinder for 3 turns
  2681 | D:3      | Killed Grinder
  2681 | D:3      | Reached skill level 5 in Conjurations
  2681 | D:3      | Reached XP level 5. HP: 4/35 MP: 0/9
  2681 | D:3      | Gained mutation: You are partially covered in icy blue scales. (AC +2) [demonic ancestry]
  2681 | D:3      | Reached XP level 6. HP: 5/41 MP: 0/10
  2682 | D:3      | Quit the game

Vault maps used:
D:1:      shiori_arrival_maze
D:2:      palyth_stone_intersect, uniq_terence
D:3:      marbit_many_paths, uniq_grinder

Skill      XL: |  1  2  3  4 |
---------------+-------------+-----
Conjurations   | 2 3 5 |  5.6
Translocations | 1 |  1.0
Air Magic      | 1 |  1.1
Poison Magic   | 1 |  1.0
Dodging        | |  1.7
Stealth        | |  1.7
Spellcasting   | |  3.0
Summonings     | |  1.0

Action                   |  1- 3 |  4- 6 || total
-------------------------+-------+-------++-------
Melee: Dagger            |    37 |       ||    37
       Unarmed           |     3 |       ||     3
       Short sword       |       |    42 ||    42
 Cast: Magic Dart        |    93 |    19 ||   112
  Use: Scroll            |       |     2 ||     2
       Potion            |       |     1 ||     1
 Stab: Sleeping          |       |     1 ||     1
  Eat: Chunk             |     4 |     1 ||     5
       Bread ration      |       |     1 ||     1
Armor: Robe              |    10 |     9 ||    19
       Skin              |       |     5 ||     5
Dodge: Dodged            |    21 |    18 ||    39

Table legend:
 A = Spawn XP
 B = Non-spawn XP
 C = Spawn XP percentage of total XP
 D = Spawn monster count
 E = Non-spawn monster count
 F = Spawn count percentage of total count
 G = Total turns spent on level
                    A         B        C        D         E        F      G
               +---------+---------+-------+---------+---------+-------+---------
         Total |       0 |     387 |   0.0 |       0 |      53 |   0.0 |  2682
               +---------+---------+-------+---------+---------+-------+---------
           D:1 |       0 |      50 |   0.0 |       0 |      29 |   0.0 |  1242
           D:2 |       0 |      41 |   0.0 |       0 |      11 |   0.0 |  1034
           D:3 |       0 |     296 |   0.0 |       0 |      13 |   0.0 |   406
               +---------+---------+-------+---------+---------+-------+---------
